 Dungeon Crawl Stone Soup version 0.21.0-37-g46506fa (webtiles) character file.

74 Inarius the Chiller (level 4, 0/33 HPs)
             Began as a Draconian Ice Elementalist on Jan 30, 2018.
             Slain by a goblin
             ... wielding a +0 dagger
             ... led by Robin
              (4 damage)
             ... on level 1 of the Dungeon.
             The game lasted 00:03:20 (1605 turns).

Inarius the Chiller (Draconian Ice Elementalist)    Turns: 1605, Time: 00:03:21

Health: 0/33       AC:  6    Str: 11    XL:     4   Next: 9%
Magic:  0/7        EV: 11    Int: 16    God:
Gold:   83         SH:  0    Dex: 11    Spells: 4/8 levels left

rFire    . . .     SeeInvis .   i - +0 short sword (drain)
rCold    . . .     Gourm    .   (no shield)
rNeg     . . .     Faith    .   (armour unavailable)
rPois    .         Spirit   .   (helmet restricted)
rElec    .         Reflect  .   (no cloak)
rCorr    .         Harm     .   c - +0 pair of gloves
MR       .....                  (no boots)
Stlth    +.........             (no amulet)
HPRegen  0.11/turn              (no ring)
MPRegen  0.10/turn              (no ring)

@: heavily drained
A: unfitting armour, cold-blooded, AC +5
a: no special abilities


You were on level 1 of the Dungeon.
You were very hungry.

You visited 1 branch of the dungeon, and saw 2 of its levels.

You collected 83 gold pieces.

Inventory:

Hand Weapons
 h - a +0 spear
 i - a +0 short sword of draining (weapon)
Armour
 c - a +0 pair of gloves (worn)
Wands
 d - a wand of polymorph (12)
Scrolls
 e - a scroll of teleportation
 f - a scroll of enchant armour {unknown}
 g - 2 scrolls of identify {unknown}
Books
 a - a book of Frost

   Spells                             Type                      Level
   a - Freeze                         Ice                          1
   b - Throw Frost                    Conjuration/Ice              2
   c - Ozocubu's Armour               Charms/Ice                   3
   d - Throw Icicle                   Conjuration/Ice              4
   e - Summon Ice Beast               Ice/Summoning                4
Comestibles
 b - 4 rations


   Skills:
 + Level 0.3(0.0) Fighting
 + Level 2.1(0.5) Dodging
 - Level 1.7(0.1) Stealth
 + Level 2.6(0.9) Spellcasting
   Level 1.0(0.0) Conjurations
 * Level 4.3(2.6) Ice Magic


You had 4 spell levels left.
You knew the following spells:

 Your Spells              Type           Power        Failure   Level  Hunger
a - Freeze                Ice            #...         8%          1    ##.....
b - Ozocubu's Armour      Chrm/Ice       #.......     36%         3    ####...


Dungeon Overview and Level Annotations

Branches:
Dungeon (2/15)

Altars:

Annotations:
D:2 Terence


Innate Abilities, Weirdness & Mutations

Your plain brown scales are hard. (AC +5)
You cannot fit into any form of body armour.
You are cold-blooded and may be slowed by cold attacks.


Message History

You kill Robin!
You have reached level 4!
You feel stronger.
You are feeling very hungry.
The goblin no longer looks unusually strong. x2
The goblin barely misses you. The goblin hits you but does no damage.
You aren't carrying any potions.
Unknown command.
Unknown command.
Things that are here:
a dagger of draining; an animal skin; a helmet
Casting: Freeze
Confirm with . or Enter, or press ? or * to list all spells.
Aiming: Freeze
Press: ? - help, Shift-Dir - straight line, f - goblin
Aim: a goblin, wielding a dagger You freeze the goblin.
The goblin is moderately wounded.
The goblin hits you but does no damage. The goblin hits you with a dagger.
You die...

......# #.###.##
......# #......#
....#.# ####.###..#
....#.# #.<### #..#
......###''#####..#
....###.§....##...#
....# #.≈§≈§.##...#
....# #.≈≈§≈.######
##### #....(.##.@#
###''####gg#
###..####..#
#######.#''#.....#
>............###.#
######..########.#
######.........#.####
#...##.......#.#....#
#...##.#.###.#.####.#


You could see 2 goblins.

Vanquished Creatures
  Robin (D:1)
  A gnoll (D:1)
  2 adders (D:2)
  A worm (D:2)
  A leopard gecko (D:1)
  2 giant cockroaches (D:1)
  9 hobgoblins
  2 kobolds
  3 ball pythons (D:1)
  6 bats
  A frilled lizard (D:1)
  2 goblins (D:1)
31 creatures vanquished.

Notes
Turn   | Place    | Note
-------+----------+-------------------------------------------
     0 | D:1      | Inarius the Draconian Ice Elementalist began the quest for the Orb.
     0 | D:1      | Reached XP level 1. HP: 14/14 MP: 3/3
   727 | D:1      | Reached XP level 2. HP: 20/20 MP: 3/5
  1006 | D:1      | Reached XP level 3. HP: 23/26 MP: 6/6
  1008 | D:1      | Reached skill level 4 in Ice Magic
  1366 | D:2      | Learned a level 3 spell: Ozocubu's Armour
  1588 | D:2      | Noticed Robin
  1589 | D:2      | Noticed Terence
  1603 | D:1      | Killed Robin
  1603 | D:1      | Reached XP level 4. HP: 4/33 MP: 1/7
  1605 | D:1      | Slain by a goblin

Skill      XL: |  1  2  3 |
---------------+----------+-----
Ice Magic      | 4 |  4.3
Dodging        | 2 |  2.1
Fighting       | |  0.3
Stealth        | |  1.7
Spellcasting   | |  2.6
Conjurations   | |  1.0

Action                   |  1- 3 |  4- 6 || total
-------------------------+-------+-------++-------
Melee: Unarmed           |    13 |       ||    13
       Spear             |    16 |       ||    16
       Short sword       |    35 |       ||    35
       Tailslap          |     4 |       ||     4
 Cast: Freeze            |    39 |     2 ||    41
  Use: Scroll            |     2 |       ||     2
 Stab: Sleeping          |     2 |       ||     2
  Eat: Chunk             |     2 |       ||     2
Armor: Skin              |    42 |     2 ||    44
Dodge: Dodged            |    66 |     1 ||    67
